 Dungeon Crawl Stone Soup version 0.31-a0-1172-g9944ec47dd (webtiles) character file.

Game seed: 1672846627472673488

361 whatisthis the Stinger (level 6, -9/50 HPs)
             Began as a Ghoul Venom Mage on Dec 10, 2023.
             Shot with an arrow by a centaur (11 damage)
             ... on level 5 of the Dungeon.
             The game lasted 00:14:11 (4387 turns).

whatisthis the Stinger (Ghoul Venom Mage)           Turns: 4387, Time: 00:14:12

Health: -9/50      AC:  3    Str: 12    XL:     6   Next: 66%
Magic:  1/10       EV: 12    Int: 16    God:
Gold:   144        SH:  0    Dex:  9    Spells: 8/11 levels left

rFire   . . .        f - +0 hand axe
rCold   + . .        (no shield)
rNeg    + + +        a - +0 robe
rPois   ∞            (no helmet)
rElec   .            (no cloak)
rCorr   .            (no gloves)
SInv    .            j - +0 pair of boots
Will    .....        (no amulet)
Stlth   ++           (no ring)
HPRegen 0.00/turn    (no ring)
MPRegen 0.12/turn

%: no passive effects
@: inhibited regen
A: claws 1, cold resistance 1, negative energy resistance 3, inhibited
regeneration, torment resistance 2, devour on kill
a: no special abilities


You were on level 5 of the Dungeon.
You visited 1 branch of the dungeon, and saw 5 of its levels.

You collected 144 gold pieces.

Inventory:

Hand Weapons
 f - a +0 hand axe (weapon)
Armour
 a - a +0 robe (worn)
 c - a +0 ring mail
 j - a +0 pair of boots (worn)
Scrolls
 d - 3 scrolls of identify {unknown}
 e - 2 scrolls of amnesia {unknown}
 i - a scroll of noise {unknown}
 n - a scroll of teleportation {unknown}
 o - a scroll of torment {unknown}
 p - 2 scrolls of poison {unknown}
 q - 2 scrolls of fog {unknown}
 r - a scroll of brand weapon {unknown}
Potions
 b - 2 potions of magic
 g - a potion of degeneration {unknown}
 h - a potion of enlightenment {unknown}
 k - 3 potions of mutation {unknown}
 l - 3 potions of haste {unknown}
 m - a potion of attraction {unknown}
 s - 2 potions of curing {unknown}


   Skills:
 + Level 2.4 Fighting
 - Level 1.7 Dodging
 - Level 2.1 Stealth
 + Level 3.3 Spellcasting
 - Level 2.2 Transmutations
 + Level 1.7 Air Magic
 + Level 4.5 Poison Magic


You had 8 spell levels left.
You knew the following spells:

 Your Spells              Type           Power      Damage    Failure   Level
a - Sting                 Tmut/Pois      52%        1d5       4%          1
b - Poisonous Vapours     Pois/Air       24%        N/A       8%          2

Your spell library contained the following spells:

 Spells                   Type           Power      Damage    Failure   Level
 Apportation              Tloc           4%         N/A       19%         1
 Necrotise                Necr           8%         1d4       19%         1
 Summon Small Mammal      Summ           8%         N/A       19%         1
 Mephitic Cloud           Conj/Pois/Air  9%         N/A       22%         3
 Olgreb's Toxic Radiance  Pois           17%        N/A       28%         4
 Haunt                    Necr/Summ      1%         N/A       100%        7
 Borgnjor's Revivificati  Necr           Unusable   N/A       N/A         8
 Death's Door             Necr           Unusable   N/A       N/A         9

Dungeon Overview and Level Annotations

Branches:
Dungeon (5/15)
 Temple: D:4-7

Altars:
Hepliaklqana

Shops:
D:2 (   D:3 ((*?

Annotations:
D:4 3 runed translucent doors, Menkaure; ambi's ghost, amateur TrMo


Innate Abilities, Weirdness & Mutations

You are immune to poison.
You have sharp fingernails.
Your flesh is cold resistant. (rC+)
You are immune to negative energy. (rN+++)
You do not regenerate when monsters are visible.
You are immune to unholy pain and torment.
You thrive by killing the living.


Message History

Confirm with . or Enter, or press ? or * to list all spells.
Aiming: Sting (safe; 4% risk of failure)
Press: ? - help, Shift-Dir - straight line, f/p - adder
Aim: an adder (moderately wounded, very poisoned, 53% to hit)
The sting hits the adder.
The adder looks as sick as possible!
The adder is heavily wounded.
Unknown command.
You closely miss the adder.
The adder is severely wounded.
You kill the adder!
A centaur comes into view.
You see here an adder corpse.
Casting: Sting (safe; 4% risk of failure)
Confirm with . or Enter, or press ? or * to list all spells.
Aiming: Poisonous Vapours (safe; 8% risk of failure)
Press: ? - help, Dir - move target, f - centaur
Aim: a centaur (wandering, hasn't noticed you) Poisonous vapours surround the centaur!
The centaur is poisoned.
The centaur shouts!
The centaur wields a +0 shortbow.
The centaur shoots an arrow.
The arrow hits you!
The centaur shoots an arrow.
The arrow hits you.
The centaur shoots an arrow.
The arrow hits you.
You see here an adder corpse.
The centaur shoots an arrow.
The arrow hits you!
The centaur shoots an arrow.
The arrow hits you.
* * * LOW HITPOINT WARNING * * *
There is an open door here.
Okay, then.
Casting: Poisonous Vapours (safe; 8% risk of failure)
Confirm with . or Enter, or press ? or * to list all spells.
Aiming: Poisonous Vapours (safe; 8% risk of failure)
Press: ? - help, Dir - move target, f/p - centaur
Aim: a centaur, wielding a +0 shortbow (lightly wounded, poisoned) Poisonous vapours surround the centaur!
The centaur looks even sicker.
The centaur shoots an arrow.
The arrow barely misses you.
The centaur shoots an arrow.
The arrow hits you!
* * * LOW HITPOINT WARNING * * *
The centaur shoots an arrow.
The arrow closely misses you.
The centaur shoots an arrow.
The arrow hits you!
You die...

#.# #..#...<..#.# #.#
#.# ###..#........#
#.# #)#
#.............# #.#
#.# #...###.......#
#.# #.#
#...+....####.######.#
#.# #...####.#
#........# #.##
########.#############
#..## #........ ##..#
#@##.## ##.######.##.#
#..#...#.# ##.#...#.#
##.....#.# #######
#....)...###.......
#........c†...c....
#........###..:....
#........# ##.....


You could see a centaur (very poisoned).

Vanquished Creatures
  A howler monkey (D:4)
  An orc priest (D:5)
  Jessica (D:2)
  2 iguanas
  6 gnolls
  9 adders
  A worm (D:3)
  3 dart slugs
  6 orcs (D:5)
  9 endoplasms
  3 giant cockroaches
  5 goblins
  5 hobgoblins
  2 jackals (D:2)
  4 quokkas
  2 ball pythons
  2 bats (D:1)
  3 frilled lizards
  3 kobolds
  A rat (D:3)
69 creatures vanquished.

Notes
Turn   | Place    | Note
-------+----------+-------------------------------------------
     0 | D:1      | whatisthis the Ghoul Venom Mage began the quest for the
                  | Orb.
     0 | D:1      | Reached XP level 1. HP: 14/14 MP: 2/2
    26 | D:1      | Reached skill level 1 in Transmutations
   135 | D:1      | Reached XP level 2. HP: 20/20 MP: 0/4
   652 | D:2      | Reached XP level 3. HP: 24/26 MP: 0/5
   960 | D:2      | Found Mas Hugh's Weapon Boutique.
  1082 | D:2      | Found a faded altar of an unknown god.
  1114 | D:2      | Reached XP level 4. HP: 28/33 MP: 1/6
  1117 | D:2      | Learned a level 2 spell: Poisonous Vapours
  1177 | D:2      | Noticed Jessica
  1191 | D:2      | Killed Jessica
  1954 | D:3      | Found Tayrghime's Magic Scroll Emporium.
  1963 | D:3      | Found Gafiskio's Weapon Boutique.
  1979 | D:3      | Found Yqatsall's General Store.
  2053 | D:3      | Found Cywn's Weapon Emporium.
  2196 | D:3      | Reached XP level 5. HP: 32/39 MP: 3/8
  2426 | D:3      | Reached skill level 1 in Fighting
  2426 | D:3      | Reached skill level 4 in Poison Magic
  2815 | D:3      | Found a hazy altar of Hepliaklqana.
  3077 | D:4      | Found a runed translucent gate.
  3078 | D:4      | Found a runed translucent gate.
  3108 | D:4      | Reached skill level 1 in Air Magic
  3416 | D:4      | Reached XP level 6. HP: 29/48 MP: 0/9
  3694 | D:4      | Found a runed translucent gate.
  3696 | D:4      | Noticed ambi's ghost (amateur TrMo)
  3856 | D:4      | Noticed Menkaure
  3919 | D:5      | Entered Level 5 of the Dungeon
  4386 | D:5      | HP: 2/50 [centaur/arrow (12)]
  4387 | D:5      | Shot with an arrow by a centaur

Illustrated notes

Levels and vault maps discovered:
D:1:      giann_bridges, layout_rooms
D:2:      layout_loops_cross, serial_shops, shop, basic_ecumenical_altar,
          serial_forest, infiniplex_forest_lined_2, infiniplex_forest_end_2,
          infiniplex_forest_clump_long, infiniplex_forest_clump_curved,
          infiniplex_forest_end_2, infiniplex_forest_straight_3,
          infiniplex_forest_straight_2, infiniplex_forest_straight_2,
          infiniplex_forest_3_way, infiniplex_forest_clump_long, uniq_jessica
D:3:      layout_basic, nicolae_hepliaklqana_hippocampus, serial_shops, shop,
          shop, nicolae_shop_trees, shop, nicolae_grassy_gnolls
D:4:      layout_cave_pods, gammafunk_ghost_necromancy, uniq_menkaure
D:5:      layout_basic

Skill      XL: |  1  2  3  4  5  6 |
---------------+-------------------+-----
Transmutations | 1 2 |  2.2
Spellcasting   | 2 3 |  3.3
Fighting       | 1 2 |  2.4
Poison Magic   | 4 |  4.5
Air Magic      | 1 |  1.7
Dodging        | |  1.7
Stealth        | |  2.1

Action                     |  1- 3 |  4- 6 || total
---------------------------+-------+-------++-------
  Melee: Unarmed           |    14 |       ||    14
         Punch             |     1 |     2 ||     3
         Hand axe          |    44 |    78 ||   122
  Throw: Throwing net      |       |     1 ||     1
   Cast: Sting             |    35 |    45 ||    80
         Poisonous Vapours |       |    53 ||    53
   Stab: Sleeping          |     1 |     1 ||     2
 Armour: Robe              |    41 |    63 ||   104
  Dodge: Dodged            |    39 |    71 ||   110

Table legend: (Time is in decaauts)
 A = Elapsed time spent in this place.
 B = Non-inter-level travel time spent in this place.
 C = Inter-level travel time spent in this place.
 D = Time resting spent in this place.
 E = Time spent auto-exploring this place.
 F = Levels seen in this place.
 G = Mean time per level.
                   A        B        C        D        E       F      G
               +--------+--------+--------+--------+--------+-----+--------+
         Total |   4428 |   4315 |    113 |   1246 |   1751 |   5 |  885.6 |
       Dungeon |   4428 |   4315 |    113 |   1246 |   1751 |   5 |  885.6 |
               +--------+--------+--------+--------+--------+-----+--------+

Top non-repeatable levels by time:
     D:2: 1446 daAuts
     D:4: 990 daAuts
     D:3: 911 daAuts
     D:1: 606 daAuts
     D:5: 474 daAuts
